 Dungeon Crawl Stone Soup version 0.29.1-12-g30fa7ad0bf (webtiles) character file.

Game seed: 4166095398281395086

5 hawla the Chiller (level 2, 0/22 HPs)
             Began as a Meteoran Ice Elementalist on Jan 14, 2023.
             Slain by a jackal (1 damage)
             ... on level 2 of the Dungeon.
             The game lasted 00:00:44 (76 turns).

hawla the Chiller (Meteoran Ice Elementalist)         Turns: 76, Time: 00:00:44

Health: 0/22       AC:  2    Str:  9    XL:     2   Next: 5%
Magic:  2/6        EV: 12    Int: 16    God:
Gold:   14         SH:  0    Dex: 14    Spells: 5/6 levels left

rFire   . . .      SeeInvis .   (no weapon)
rCold   . . .      Faith    .   (no shield)
rNeg    . . .      Spirit   .   a - +0 robe
rPois   .          Reflect  .   (no helmet)
rElec   .          Harm     .   (no cloak)
rCorr   .          Rampage  .   (no gloves)
Will    .....                   (no boots)
Stlth   +.........              (no amulet)
HPRegen 0.07/turn               (no ring)
MPRegen 0.10/turn               (no ring)

@: very slightly contaminated, glowing
A: sense surroundings 1, otherworldly, glowing, explore regen
a: no special abilities


You were on level 2 of the Dungeon.
You visited 1 branch of the dungeon, and saw 2 of its levels.

You collected 14 gold pieces.

Inventory:

Armour
 a - a +0 robe (worn)


   Skills:
 + Level 0.4 Fighting
 + Level 2.4 Dodging
 - Level 1.4 Stealth
 + Level 2.8 Spellcasting
 + Level 4.6 Ice Magic


You had 5 spell levels left.
You knew the following spells:

 Your Spells              Type           Power      Damage    Failure   Level
a - Freeze                Ice            64%        1d8       3%          1

Your spell library contained the following spells:

 Spells                   Type           Power      Damage    Failure   Level
 Frozen Ramparts          Ice            32%        1d5       9%          3
 Ozocubu's Armour         Ice            16%        N/A       9%          3
 Hailstorm                Conj/Ice       9%         3d4       58%         4


Dungeon Overview and Level Annotations

Branches:
Dungeon (2/15) Zot: 1123

Altars:


Innate Abilities, Weirdness & Mutations

You passively map a small area around you.
You are easily found by Zot.
You glow in the dark.
You regain HP and MP as you explore.


Message History

Confirm with . or Enter, or press ? or * to list all spells.
Aiming: Freeze (safe; 3% risk of failure)
Press: ? - help, Shift-Dir - straight line, f/p - frilled lizard
Aim: a frilled lizard You freeze the frilled lizard.
You kill the frilled lizard!
The jackal bites you but does no damage.
The jackal misses you. The jackal bites you.
* * * LOW HITPOINT WARNING * * *
Casting: Freeze (safe; 3% risk of failure)
Confirm with . or Enter, or press ? or * to list all spells.
Aiming: Freeze (safe; 3% risk of failure)
Press: ? - help, Shift-Dir - straight line, f - jackal
Aim: a jackal You freeze the jackal!
You kill the jackal!
The jackal closely misses you.
The jackal bites you but does no damage.
The jackal barely misses you. The jackal misses you.
Casting: Freeze (safe; 3% risk of failure)
Confirm with . or Enter, or press ? or * to list all spells.
Aiming: Freeze (safe; 3% risk of failure)
Press: ? - help, Shift-Dir - straight line, f - endoplasm
Aim: an endoplasm You freeze the endoplasm.
You kill the endoplasm!
The jackal barely misses you. x2
You have reached level 2!
Casting: Freeze (safe; 3% risk of failure)
Confirm with . or Enter, or press ? or * to list all spells.
Aiming: Freeze (safe; 3% risk of failure)
Press: ? - help, Shift-Dir - straight line, f - jackal
Aim: a jackal You freeze the jackal.
The jackal is moderately wounded.
The jackal bites you but does no damage.
The jackal bites you.
* * * LOW HITPOINT WARNING * * *
The jackal bites you.
You die...

,,+...... ... , , ,
+....###.... ,
+......#.... , . ,
#...........,, ,.$
~~#........# ,... ,, , *
##.#......# ###....
##.###.....#* .......
##..# #.#######...#... *
* ##...#
#.#....†@....... *
##..#####.#....hh.......
*
#......##...............
,
....................#...
, .............)......#
..
....................#* #
* ......................
,
......................,
, ..........#...........


You could see 2 jackals.

Vanquished Creatures
  An endoplasm (D:2)
  2 jackals (D:2)
  A frilled lizard (D:2)
  A kobold (D:2)
5 creatures vanquished.

Notes
Turn   | Place    | Note
-------+----------+-------------------------------------------
     0 | D:1      | hawla the Meteoran Ice Elementalist began the quest for the
                  | Orb.
     0 | D:1      | Reached XP level 1. HP: 14/14 MP: 5/5
    76 | D:2      | Reached XP level 2. HP: 3/22 MP: 2/6
    76 | D:2      | HP: 1/22 [jackal (2)]
    76 | D:2      | Slain by a jackal

Illustrated notes

Levels and vault maps discovered:
D:1:      zelgadis_glass_arrival_small, layout_basic
D:2:      layout_basic, basic_altar, kennysheep_cluttered_room, uniq_terence

Action                   || total
-------------------------++-------
 Cast: Freeze            ||     9
  Use: Potion            ||     1
Armor: Robe              ||     8
Dodge: Dodged            ||    23
